 Dungeon Crawl Stone Soup version 0.21-a0-70-g32e1473 (webtiles) character file.

301 xgamer67 the Skirmisher (level 6, -9/52 HPs)
             Began as a Human Monk on June 18, 2017.
             Was an Initiate of Gozag.
             Killed from afar by Dowan (24 damage)
             ... with a shard of ice
             ... on level 4 of the Dungeon.
             The game lasted 00:06:59 (2885 turns).

xgamer67 the Skirmisher (Human Monk)                Turns: 2885, Time: 00:06:59

Health: -9/52      AC:  4    Str: 14    XL:     6   Next: 64%
Magic:  6/6        EV: 14    Int: 10    God:    Gozag
Gold:   410        SH:  0    Dex: 15    Spells: 5/5 levels left

rFire    . . .     SeeInvis .   h - +2 short sword (venom)
rCold    . . .     Gourm    .   (no shield)
rNeg     . . .     Faith    .   q - +0 leather armour
rPois    +         Spirit   .   i - +0 helmet
rElec    .         Reflect  .   (no cloak)
rCorr    .         Harm     .   (no gloves)
MR       .....                  (no boots)
Stlth    ++........             (no amulet)
HPRegen  0.17/turn              f - ring of poison resistance
MPRegen  0.10/turn              (no ring)

@: gold aura
A: no striking features
a: Potion Petition, Call Merchant, Bribe Branch, Renounce Religion


You were on level 4 of the Dungeon.
You worshipped Gozag.
Gozag was aware of your devotion.
You were not hungry.

You visited 1 branch of the dungeon, and saw 4 of its levels.

You collected 410 gold pieces.

Inventory:

Hand Weapons
 a - a +0 spear
 h - a +2 short sword of venom (weapon)
Missiles
 m - 23 poisoned needles
Armour
 i - a +0 helmet (worn)
 q - a +0 leather armour (worn)
Jewellery
 f - a ring of poison resistance (left hand)
Scrolls
 j - 4 scrolls of amnesia
 l - a scroll of identify
 o - 2 scrolls of teleportation
 r - 2 scrolls of remove curse
 s - a scroll of magic mapping
Potions
 b - a potion of heal wounds {unknown}
 d - 3 potions of magic
 e - 2 potions of ambrosia
 g - 3 potions of curing {unknown}
 k - a potion of cancellation {unknown}
 p - a potion of degeneration {unknown}
 t - a potion of flight {unknown}
 u - a potion of brilliance {unknown}
 v - a potion of might {unknown}
Comestibles
 c - 3 bread rations
 n - 2 meat rations


   Skills:
 - Level 6.0 Fighting
 - Level 3.0 Polearms
 + Level 4.5 Dodging
 - Level 2.0 Stealth


You had 5 spell levels left.
You didn't know any spells.

Dungeon Overview and Level Annotations

Branches:
Dungeon (4/15)
 Temple: D:4-7

Altars:
Gozag
Qazlal
Wu Jian

Annotations:
D:3 anet's ghost, amateur MiFi
D:4 Dowan


Message History

You closely miss Duvessa.
Duvessa is heavily wounded.
Duvessa hits you with a rapier.
You hit Duvessa but do no damage.
Duvessa looks as sick as possible!
Duvessa is heavily wounded.
Duvessa hits you with a rapier.
You hit Duvessa.
Duvessa looks as sick as possible!
Duvessa is heavily wounded.
Duvessa gestures with her weapon.
Duvessa barely misses you. Duvessa hits you but does no damage.
Duvessa hits you with a rapier!
* * * LOW HITPOINT WARNING * * *
You kill Duvessa!
Dowan seems overcome with grief, but rights himself reflexively soon after.
Dowan seems to find hidden reserves of power!
Your Dodging skill increases to level 4!
Dowan points at you and mumbles some strange words.
The shard of ice hits you!
You die...
Your body crumbles into a pile of gold.

########################
#......... ...#.e......########
###.###########.#.######.#.......
........#.......@......#.#.######
###.###......<....###..#.#.#
.............#..#.###..#.#.##
.##.#####..#................###
.................>............###
..#.###.....###..####.##.#.......
..#..............# #.##.#..#.##.
#...........###..####.##.#..#.##.
#..####.##............##.#..#.##.


You could see Dowan.

Vanquished Creatures
  Duvessa (D:4)
  A worker ant (D:4)
  4 gnolls (D:2)
  4 adders
  5 worms
  2 dart slugs
  3 leopard geckos
  An orc (D:4)
  A ball python (D:3)
  7 bats
  4 giant cockroaches
  10 goblins
  4 hobgoblins
  3 jackals (D:2)
  3 quokkas (D:3)
  3 frilled lizards
  10 kobolds
  7 rats
73 creatures vanquished.

Notes
Turn   | Place    | Note
-------+----------+-------------------------------------------
     0 | D:1      | xgamer67 the Human Monk began the quest for the Orb.
     0 | D:1      | Reached XP level 1. HP: 18/18 MP: 1/1
   310 | D:1      | Reached XP level 2. HP: 24/24 MP: 2/2
   601 | D:1      | Reached skill level 4 in Fighting
   601 | D:1      | Reached XP level 3. HP: 30/30 MP: 3/3
  1151 | D:2      | Found an ornate altar of the Wu Jian Council.
  1164 | D:2      | Reached XP level 4. HP: 38/38 MP: 4/4
  1285 | D:2      | Reached skill level 5 in Fighting
  1582 | D:2      | Found a faded altar of an unknown god.
  1836 | D:2      | Reached XP level 5. HP: 43/44 MP: 5/5
  2097 | D:3      | Found an opulent altar of Gozag.
  2106 | D:3      | Found a stormy altar of Qazlal.
  2114 | D:3      | Became a worshipper of Gozag Ym Sagoz the Greedy
  2433 | D:3      | Noticed anet's ghost (amateur MiFi)
  2457 | D:4      | Reached skill level 6 in Fighting
  2742 | D:4      | Reached XP level 6. HP: 52/52 MP: 6/6
  2866 | D:4      | Noticed Duvessa
  2866 | D:4      | Noticed Dowan
  2885 | D:4      | Killed Duvessa
  2885 | D:4      | Killed from afar by Dowan

Vault maps used:
D:1:      dpeg_arrival_oval
D:2:      lemuel_doored_altar, chequers_ecumenical_altar_simple, first_bread
D:3:      nicolae_gozag_cash_rules_everything_around_me, st_stairs_8,
          grunt_qazlal_clouds
D:4:      uniq_natasha, uniq_duvessa

Skill      XL: |  1  2  3  4  5  6 |
---------------+-------------------+-----
Fighting       | 4 5 6 |  6.0
Dodging        | 4 |  4.5
Polearms       | |  3.0
Stealth        | |  2.0

Action                   |  1- 3 |  4- 6 || total
-------------------------+-------+-------++-------
Melee: Spear             |    19 |       ||    19
       Short sword       |    56 |   124 ||   180
  Use: Scroll            |       |    12 ||    12
 Stab: Sleeping          |     4 |     6 ||    10
       Distracted        |     1 |       ||     1
  Eat: Chunk             |     1 |     3 ||     4
       Bread ration      |       |     1 ||     1
Armor: Robe              |     4 |       ||     4
       Leather armour    |    16 |    17 ||    33
Dodge: Dodged            |    50 |    73 ||   123
